 Dungeon Crawl Stone Soup version 0.29.0-11-gd7f09526c8 (webtiles) character file.

Game seed: 14260935206246741004

4709 SensoryNuts the Severer (level 10, -21/86 HPs)
             Began as a Hill Orc Fighter on Sept 6, 2022.
             Was an Initiate of Gozag.
             Killed from afar by a crystal guardian (39 damage)
             ... with a crystal bolt
             ... on level 1 of the Abyss.
             The game lasted 00:10:09 (9960 turns).

SensoryNuts the Severer (Hill Orc Fighter)          Turns: 9960, Time: 00:10:09

Health: -21/86     AC: 11    Str: 24    XL:     10   Next: 45%
Magic:  10/10      EV: 11    Int:  8    God:    Gozag
Gold:   897        SH:  4    Dex: 10    Spells: 9/9 levels left

rFire   . . .      SeeInvis .   a - +1 war axe
rCold   . . .      Faith    .   c - +0 buckler
rNeg    . . .      Spirit   .   h - +4 ring mail {Will+}
rPois   .          Reflect  .   (no helmet)
rElec   .          Harm     .   (no cloak)
rCorr   .          Rampage  .   (no gloves)
Will    +....                   p - +0 pair of boots {Stlth+}
Stlth   ++........              s - amulet of regeneration
HPRegen 1.04/turn               (no ring)
MPRegen 0.12/turn               (no ring)

@: no status effects
A: no striking features
a: Renounce Religion, Potion Petition, Call Merchant, Bribe Branch


You were on level 1 of the Abyss.
You worshipped Gozag.
Gozag was pleased with you.
You visited 2 branches of the dungeon, and saw 9 of its levels.
You visited the Abyss 1 time.

You collected 1254 gold pieces.
You paid 357 gold pieces to Gozag.

Inventory:

Hand Weapons
 a - a +1 war axe (weapon)
 d - a +0 demon whip of venom
Armour
 c - a +0 buckler (worn)
 h - a +4 ring mail of willpower (worn)
 p - a +0 pair of boots of stealth (worn)
Jewellery
 k - an amulet of the acrobat
 r - a ring of poison resistance
 s - an amulet of regeneration (around neck)
Wands
 g - a wand of quicksilver (8)
 o - a wand of flame (14) (quivered)
Scrolls
 b - 3 scrolls of amnesia
 j - 2 scrolls of teleportation
 l - a scroll of silence
 n - a scroll of poison {unknown}
 q - a scroll of identify
Potions
 e - a potion of flight
 i - 2 potions of degeneration
 m - 2 potions of curing


   Skills:
 + Level 7.3 Fighting
 * Level 15.0 Axes
 + Level 0.6(8.1) Maces & Flails
 + Level 6.9 Armour
 + Level 3.2 Dodging
 + Level 1.2 Stealth
 + Level 4.9 Shields
 + Level 0.3 Evocations


You had 9 spell levels left.
You didn't know any spells.
Your spell library contained the following spells:

 Spells                   Type           Power      Damage    Failure   Level
 Magic Dart               Conj           0%         1d3       63%         1
 Ensorcelled Hibernation  Hex/Ice        0%         N/A       77%         2
 Passwall                 Tmut/Erth      0%         N/A       77%         2
 Searing Ray              Conj           0%         2d4       77%         2
 Call Canine Familiar     Summ           0%         N/A       94%         3
 Conjure Flame            Conj/Fire      0%         6-21      94%         3
 Gell's Gravitas          Tloc           0%         N/A       94%         3
 Ignite Poison            Fire/Tmut/Pois 0%         N/A       94%         3
 Inner Flame              Hex/Fire       0%         N/A       94%         3
 Lesser Beckoning         Tloc           0%         N/A       94%         3
 Ozocubu's Armour         Ice            0%         N/A       94%         3
 Portal Projectile        Hex/Tloc       0%         N/A       94%         3
 Swiftness                Air            0%         N/A       94%         3
 Teleport Other           Tloc           0%         N/A       94%         3
 Cause Fear               Hex            0%         N/A       100%        4
 Fulminant Prism          Conj/Hex       0%         3d6       100%        4
 Hailstorm                Conj/Ice       0%         3d3       100%        4
 Leda's Liquefaction      Hex/Erth       0%         N/A       100%        4
 Sticky Flame             Conj/Fire      0%         2d3       100%        4
 Discord                  Hex            0%         N/A       100%        8


Dungeon Overview and Level Annotations

Branches:
Dungeon (8/15)             Temple (1/1) D:4
   Lair: D:8-11

Altars:
Ashenzari
Cheibriados
Dithmenos
Elyvilon
Fedhas
Gozag
Hepliaklqana
Kikubaaqudgha
Makhleb
Okawaru
Qazlal
Ru
Sif Muna
Trog
Uskayaw
Vehumet
Wu Jian
Xom
Yredelemnul
Zin
The Shining One
Beogh

Shops:
D:2 [   D:3 =   D:5 *   D:6 *

Annotations:
D:8 Psyche


Message History

A starcursed mass splits.
A chorus of shrieks assaults your mind.
You slash the starcursed mass!
The starcursed mass is almost destroyed.
You slash the starcursed mass!
You destroy the starcursed mass!
You slash the starcursed mass!
You destroy the starcursed mass!
Your Axes skill increases to level 15!
You now have 788 gold pieces (gained 20).
You now have enough gold to fund merchants seeking to open stores in the dungeon.
You now have 811 gold pieces (gained 23).
You feel yourself slow down.
You now have 897 gold pieces (gained 86).
You start resting.
You flicker for a moment.
You start resting.
You flicker back into view.
You start resting.
You feel a little less mighty now.
You start resting.
A crystal guardian comes into view.
A crystal guardian is nearby!
A tentacled starspawn comes into view.
A sun demon comes into view.
The sun demon shouts!
Tentacles burst from the starspawn's body! 2 starspawn tentacles come into view.
Unknown command.
The sun demon completely misses you.
The crystal guardian fires a crystalline bolt at you.
The crystal bolt freezes you!! The sun demon hits you!!
You are engulfed in flames!
* * * LOW HITPOINT WARNING * * *
The crystal guardian attacks as you move away!
The crystal guardian hits you but does no damage.
The crystal guardian fires a crystalline bolt at you.
The crystal bolt freezes you!!!
You die...
Your body crumbles into a pile of gold.

#### . #.. #.
#.# .. #@# #
###.###.#
..#.#...39#
#.........#
......###.#
#.....#..# ...#
#.### ##
#......#.##..#..
#..##..## ....#


You could see a crystal guardian and a sun demon.

Vanquished Creatures
  Amaemon (D:8)
  An orange demon (D:8)
  Sigmund (D:4)
  A steam dragon (D:7)
  Menkaure (D:5)
  2 water moccasins
  2 orc warriors (D:8)
  2 black bears
  2 centaurs (D:7)
  2 ogres
  2 kobold brigands (D:7)
  3 bullfrogs (D:7)
  2 necrophages (D:7)
  5 scorpions
  11 killer bees
  3 electric eels (D:6)
  7 starcursed masses (Abyss:1)
  A hound (D:6)
  A jelly (D:5)
  2 orc priests
  6 orc wizards
  7 iguanas
  4 gnolls (D:5)
  5 adders
  3 worms
  A dart slug (D:5)
  42 orcs
  9 ball pythons
  4 endoplasms
  A giant cockroach (D:2)
  2 hobgoblins
  4 jackals (D:1)
  16 kobolds
  4 quokkas
  A bat (D:1)
  4 frilled lizards
  A goblin (D:3)
  3 rats
169 creatures vanquished.

Vanquished Creatures (others)
  8 plants (D:6)
  2 starspawn tentacles (Abyss:1)
10 creatures vanquished.

Grand Total: 179 creatures vanquished

Notes
Turn   | Place    | Note
-------+----------+-------------------------------------------
     0 | D:1      | SensoryNuts the Hill Orc Fighter began the quest for the
                  | Orb.
     0 | D:1      | Reached XP level 1. HP: 19/19 MP: 1/1
     3 | D:1      | Found a faded altar of an unknown god.
   277 | D:1      | Reached XP level 2. HP: 11/23 MP: 2/2
   514 | D:1      | Reached skill level 3 in Axes
   610 | D:1      | You fall into a shaft and drop 1 floor!
  1490 | D:2      | Found Onuanoff's Armour Shop.
  1494 | D:2      | Reached XP level 3. HP: 31/31 MP: 3/3
  1998 | D:3      | Found Vuusean's Jewellery Boutique.
  2124 | D:3      | Reached skill level 4 in Axes
  2316 | D:3      | Found an ancient bone altar of Kikubaaqudgha.
  2317 | D:3      | Found a hide-covered altar of Uskayaw.
  2408 | D:3      | Reached XP level 4. HP: 40/40 MP: 4/4
  2676 | D:4      | Got the Writings on Calefaction and the Winter
  2733 | D:4      | Noticed Sigmund
  2745 | D:4      | Killed Sigmund
  2746 | D:4      | Reached skill level 6 in Axes
  2746 | D:4      | Reached XP level 5. HP: 22/47 MP: 5/5
  2746 | D:4      | Reached XP level 6. HP: 25/53 MP: 6/6
  2781 | D:4      | Reached skill level 1 in Dodging
  3043 | D:4      | Noticed a black bear
  3052 | D:4      | Killed a black bear
  3053 | D:4      | Reached skill level 7 in Axes
  3247 | D:4      | Found a burning altar of Makhleb.
  3426 | D:4      | Reached XP level 7. HP: 45/60 MP: 7/7
  3441 | D:4      | Reached skill level 8 in Axes
  4204 | D:4      | Found a staircase to the Ecumenical Temple.
  4324 | Temple   | Entered the Ecumenical Temple
  4620 | Temple   | Became a worshipper of Gozag Ym Sagoz the Greedy
  4666 | D:5      | Entered Level 5 of the Dungeon
  4730 | D:4      | Reached skill level 5 in Fighting
  4942 | D:5      | Found Binan's Assorted Antiques.
  5016 | D:5      | Reached skill level 9 in Axes
  5174 | D:5      | Reached XP level 8. HP: 64/68 MP: 8/8
  5568 | D:5      | Noticed Menkaure
  5574 | D:5      | Killed Menkaure
  5575 | D:5      | Reached skill level 10 in Axes
  5673 | D:6      | Found Nicat Zaij's Assorted Antiques.
  5932 | D:6      | Reached skill level 5 in Armour
  6334 | D:6      | Reached skill level 11 in Axes
  7706 | D:7      | Reached XP level 9. HP: 39/75 MP: 9/9
  7708 | D:7      | Reached skill level 12 in Axes
  8481 | D:7      | Reached skill level 13 in Axes
  8760 | D:7      | Found a glowing golden altar of the Shining One.
  8897 | D:7      | Reached skill level 1 in Stealth
  9216 | D:8      | Found a broken altar of Ashenzari.
  9229 | D:8      | Noticed Amaemon
  9230 | D:8      | Noticed an orange demon
  9258 | D:8      | Killed Amaemon
  9259 | D:8      | Reached skill level 14 in Axes
  9259 | D:8      | Reached XP level 10. HP: 45/84 MP: 10/10
  9266 | D:8      | Killed an orange demon
  9463 | D:8      | Found a roughly hewn altar of Beogh.
  9797 | D:8      | Noticed Psyche
  9800 | Abyss:1  | Cast into level 1 of the Abyss (Psyche)
  9817 | Abyss:1  | Found a corrupted altar of Lugonu.
  9834 | Abyss:1  | Noticed a starcursed mass
  9881 | Abyss:1  | Killed a starcursed mass
  9892 | Abyss:1  | Killed a starcursed mass
  9896 | Abyss:1  | Killed a starcursed mass
  9902 | Abyss:1  | Killed a starcursed mass
  9903 | Abyss:1  | Reached skill level 15 in Axes
  9948 | Abyss:1  | Noticed a crystal guardian
  9951 | Abyss:1  | Noticed a tentacled starspawn
  9952 | Abyss:1  | Noticed a sun demon
  9960 | Abyss:1  | Killed from afar by a crystal guardian

Illustrated notes

Levels and vault maps discovered:
D:1:      lightli_arrival_statuegarden, layout_basic,
          ebering_ecumenical_altar_abandoned
D:2:      layout_basic, serial_shops, shop, minmay_misc_feat_four_crosses,
          nicolae_wormholes
D:3:      layout_basic, jmf_multi_god_temple, serial_shops, shop,
          dreamdust_wishing_well
D:4:      layout_basic, mainiacjoe_overflow_cross_hatched,
          minmay_temple_entry_fiery, uniq_sigmund
D:5:      layout_cave_pools, serial_shops, kennysheep_mini_moat, serial_glass,
          glass_columns_b, glass_columns_a, uniq_menkaure
D:6:      layout_layer_cave, grunt_ministairs_14, chequers_big_river,
          nicolae_wooded_promenade
D:7:      layout_loops_ring, nicolae_tso_carved_into_rock, st_stairs_5,
          chequers_serial_rivers_micro_c
D:8:      layout_basic, mainiacjoe_overflow_surrounded_room, special_room
          [special_room_orc], serial_shops, shop,
          hangedman_abyss_or_decor_stabs, uniq_psyche, uniq_amaemon
Temple:   nicolae_temple_slightly_damp_pantheon
Abyss:1:  base:
D:3

Skill      XL: |  1  2  3  4  5  6  7  8  9 10 |
---------------+-------------------------------+-----
Axes           | 3 4 6 7 9 11 14 15 | 15.0
Fighting       | 4 5 6 7 |  7.3
Armour         | 4 5 6 |  6.9
Dodging        | 1 2 3 |  3.2
Shields        | 4 |  4.9
Stealth        | 1 |  1.2
Maces & Flails | |  0.6
Evocations     | |  0.3

Action                   |  1- 3 |  4- 6 |  7- 9 | 10-12 || total
-------------------------+-------+-------+-------+-------++-------
Melee: War axe           |    84 |    49 |   309 |   120 ||   562
       Demon whip        |       |       |       |    20 ||    20
Invok: Potion Petition   |       |       |       |     1 ||     1
Evoke: Wand              |       |       |     3 |       ||     3
  Use: Scroll            |     6 |     4 |     3 |       ||    13
       Potion            |       |     1 |     8 |     1 ||    10
Armor: Scale mail        |     6 |       |       |       ||     6
       Ring mail         |    25 |    29 |   135 |    42 ||   231
Dodge: Dodged            |    39 |    26 |   173 |    53 ||   291
Block: Buckler           |    13 |     7 |    68 |    16 ||   104
